AoeStats
← Terric

Black Forest

509884642Analyzed
3v3 RM · 3d ago on Sep 28, 2026· 36m 46s· 6 players
Game mode
Random Map
Map size
Normal (6 player)
Population
200
Speed
Normal
Resources
Standard
Victory
Conquest
Starting age
Dark Age
Ending age
Imperial Age
RankedLock teamsTeams togetherTeam positionsShared explorationLock speedFull tech treeHidden civsTurbo modeCheats
Victory
Defeat
🇨🇳 Khmer · China
754
+14
🇻🇳 Malay · Vietnam
678
+17
🇮🇹 Persians · Italy
619
+19
🇩🇪 Lithuanians · Germany
725
-18
🇨🇴 Spanish · Colombia
689
-16
🇩🇪 Bohemians · Germany
680
-16
Terric
2:12 Loom
11:52 Feudal Age
12:21 Horse Collar
12:28 Double-Bit Axe
20:07 Castle Age
19:48 Forging
20:52 Heavy Plow
21:04 Bow Saw
21:57 Scale Mail Armor
21:19 Pikeman
22:00 Squires
21:25 Pikeman
22:06 Squires
24:36 Wheelbarrow
23:47 Town Watch
26:46 Fletching
30:09 Hand Cart
31:56 Fortified Wall
31:42 Murder Holes
33:08 Bodkin Arrow
jorshy04
12:10 Loom
16:28 Feudal Age
17:51 Double-Bit Axe
18:48 Wheelbarrow
18:16 Gold Mining
29:28 Castle Age
27:59 Bloodlines
28:07 Scale Mail Armor
28:56 Scale Barding Armor
29:02 Forging
31:49 Chain Barding Armor
32:04 Iron Casting
34:30 Husbandry
Neuronians
0:27 Loom
13:21 Feudal Age
14:51 Wheelbarrow
14:06 Double-Bit Axe
14:09 Town Watch
14:22 Horse Collar
15:02 Gold Mining
21:29 Forging
25:47 Castle Age
25:00 Fletching
25:11 Padded Archer Armor
26:01 Elite Skirmisher
26:38 Bodkin Arrow
27:15 Bow Saw
31:46 Heavy Plow
patolo9393
16:18 Feudal Age
16:54 Horse Collar
21:12 Bloodlines
23:03 Wheelbarrow
29:20 Gold Mining
32:09 Double-Bit Axe
35:22 Castle Age
36:35 Husbandry
37:09 Hand Cart
36:58 Heavy Plow
37:16 Forging
37:12 Scale Barding Armor
fj0083
2:29 Loom
15:05 Feudal Age
18:38 Castle Age
17:59 Stone Mining
17:51 Horse Collar
18:19 Double-Bit Axe
18:30 Gold Mining
25:28 Bloodlines
25:19 Husbandry
29:24 Ballistics
29:14 Light Cavalry
29:54 Husbandry
33:18 Scale Barding Armor
33:23 Forging
37:38 Chain Barding Armor
37:53 Iron Casting
do.minhdes
9:03 Loom
18:59 Feudal Age
20:04 Wheelbarrow
19:15 Town Watch
19:26 Horse Collar
19:50 Stone Mining
19:37 Man-at-Arms
20:46 Gold Mining
20:46 Arson
33:06 Castle Age
32:46 Squires
32:07 Pikeman
33:20 Husbandry
33:40 Hand Cart
33:57 Heavy Plow
34:13 Light Cavalry
36:44 Town Patrol
Connection lost

Rejoining the realm…

Still unreachable

The connection could not be restored.

Session expired

The server has moved on; the page needs a fresh start.